 Dungeon Crawl Stone Soup version 0.28-a0-476-g0f06bd746f (webtiles) character file.

Game seed: 1554726114040003465

49 Squid the Skirmisher (level 3, 0/52 HPs)
             Began as a Minotaur Berserker on Sept 16, 2021.
             Was a Follower of Trog.
             Succumbed to an adder's poison
             ... on level 2 of the Dungeon.
             The game lasted 00:02:53 (1150 turns).

Squid the Skirmisher (Minotaur Berserker)           Turns: 1150, Time: 00:02:54

Health: 0/52       AC:  2    Str: 22    XL:     3   Next: 53%
Magic:  2/2        EV: 12    Int:  4    God:    Trog [*.....]
Gold:   20         SH:  0    Dex:  9    Spells: 2/2 levels left

rFire   . . .      SeeInvis .   d - +3 war axe (freeze)
rCold   . . .      Faith    .   (no shield)
rNeg    . . .      Spirit   .   b - +0 animal skin
rPois   .          Reflect  .   (helmet restricted)
rElec   .          Harm     .   (no cloak)
rCorr   .          Rampage  .   (no gloves)
Will    .....                   (no boots)
Stlth   ..........              (no amulet)
HPRegen 0.17/turn               (no ring)
MPRegen 0.08/turn               (no ring)

@: berserking (expiring), lethally poisoned (0 -> -2), very quick
A: horns 2, retaliatory headbutt
a: Renounce Religion, Berserk


You were on level 2 of the Dungeon.
You worshipped Trog.
Trog was aware of your devotion.
You visited 1 branch of the dungeon, and saw 2 of its levels.

You collected 20 gold pieces.

Inventory:

Hand Weapons
 a - a +0 mace
 d - a +3 war axe of freezing (weapon)
Armour
 b - a +0 animal skin (worn)
Potions
 c - a potion of curing {unknown}


   Skills:
 + Level 4.9 Fighting
 + Level 0.2(2.3) Axes
 - Level 3.8(3.9) Maces & Flails
 + Level 0.7 Throwing
 + Level 2.9 Armour
 - Level 2.1 Dodging


You had 2 spell levels left.
You didn't know any spells.
Your spell library was empty.

Dungeon Overview and Level Annotations

Branches:
Dungeon (2/15)

Altars:


Innate Abilities, Weirdness & Mutations

You have a pair of horns on your head.
You reflexively headbutt those who attack you in melee.


Message History

You feel sick. The adder closely misses you. You furiously retaliate!
You headbutt the adder!!
You kill the adder!
Trog accepts your kill. The kobold hits you with a +0 dagger.
* * * LOW HITPOINT WARNING * * *
The worm barely misses you.
You barely miss the kobold. Your headbutt misses the kobold.
The kobold is severely wounded.
You slash the worm! You freeze the worm.
* * * LOW HITPOINT WARNING * * *
You feel sick. The kobold hits you with a +0 dagger.
* * * LOW HITPOINT WARNING * * *
You barely miss the kobold. You headbutt the kobold.
You kill the kobold!
Trog accepts your kill.
You slash the worm! You freeze the worm.
You feel the power of Trog in you as your rage grows.
You kill the worm!
Trog accepts your kill.
* * * LOW HITPOINT WARNING * * *
You feel sick.
There is a lethal amount of poison in your body!
There is a lethal amount of poison in your body!
There is a lethal amount of poison in your body!
There is a lethal amount of poison in your body!
There is a lethal amount of poison in your body!
You are too berserk!
There is a lethal amount of poison in your body!
You see here a stone.
You feel a strong urge to attack something.
* * * LOW HITPOINT WARNING * * *
You feel sick.
There is a lethal amount of poison in your body!
You are too berserk!
* * * LOW HITPOINT WARNING * * *
You feel sick.
You see here a stone.
You feel your anger nearly subside.
You die...

##..# ##.#
#.## #(.# ##†#
######)##
#.......#
#.....(.##
#....)@..#
#.....(†.#
#(....(?(#
((.........#
(........#..#
....####.#....
.... .#.....
... .# ....


There were no monsters in sight!

Vanquished Creatures
  2 adders (D:2)
  A worm (D:2)
  2 dart slugs (D:1)
  2 ball pythons (D:1)
  2 bats (D:1)
  2 giant cockroaches (D:1)
  4 goblins (D:1)
  A hobgoblin (D:1)
  2 jackals (D:2)
  A quokka (D:1)
  2 kobolds (D:2)
  A rat (D:1)
22 creatures vanquished.

Notes
Turn   | Place    | Note
-------+----------+-------------------------------------------
     0 | D:1      | Squid the Minotaur Berserker began the quest for the Orb.
     0 | D:1      | Reached XP level 1. HP: 19/19 MP: 0/0
   247 | D:1      | Reached skill level 4 in Fighting
   247 | D:1      | Reached XP level 2. HP: 27/27 MP: 1/1
  1120 | D:2      | Reached XP level 3. HP: 23/34 MP: 2/2
  1148 | D:2      | HP: 2/52 [poisoned by an adder]
  1150 | D:2      | Succumbed to an adder's poison

Illustrated notes

Levels and vault maps discovered:
D:1:      lemuel_arrival_tunnels, layout_basic
D:2:      cheibrodos_helix_gallery, layout_rooms, serial_shops, shop,
          chequers_ecumenical_altar_lobes, nicolae_underground_beach

Skill      XL: |  1 |
---------------+----+-----
Fighting       | 4 |  4.9
Axes           | |  0.2
Maces & Flails | |  3.8
Throwing       | |  0.7
Armour         | |  2.9
Dodging        | |  2.1

Action                   || total
-------------------------++-------
Melee: Mace              ||     7
       Headbutt          ||     4
       War axe           ||    14
Throw: Stone             ||    35
Invok: Berserk           ||     1
  Use: Scroll            ||     2
Armor: Animal skin       ||    11
Dodge: Dodged            ||    35

Table legend: (Time is in decaauts)
 A = Elapsed time spent in this place.
 B = Non-inter-level travel time spent in this place.
 C = Inter-level travel time spent in this place.
 D = Time resting spent in this place.
 E = Time spent auto-exploring this place.
 F = Levels seen in this place.
 G = Mean time per level.
                   A        B        C        D        E       F      G
               +--------+--------+--------+--------+--------+-----+--------+
         Total |   1157 |   1111 |     46 |      0 |    923 |   2 |  578.5 |
       Dungeon |   1157 |   1111 |     46 |      0 |    923 |   2 |  578.5 |
               +--------+--------+--------+--------+--------+-----+--------+

Top non-repeatable levels by time:
     D:1: 1091 daAuts
     D:2: 66 daAuts
